 Dungeon Crawl Stone Soup version 0.29.1-15-g9cfb28693d (webtiles) character file.

Game seed: 7519977267274947158

80 EarthwalkerPL the Trooper (level 4, -12/41 HPs)
             Began as a Minotaur Fighter on Apr 24, 2023.
             Mangled by Terence
             ... wielding a +0 morningstar
              (16 damage)
             ... on level 2 of the Dungeon.
             The game lasted 00:01:10 (1099 turns).

EarthwalkerPL the Trooper (Minotaur Fighter)        Turns: 1099, Time: 00:01:11

Health: -12/41     AC:  8    Str: 22    XL:     4   Next: 18%
Magic:  3/3        EV:  9    Int:  5    God:
Gold:   111        SH:  4    Dex: 10    Spells: 3/3 levels left

rFire   . . .      SeeInvis .   a - +0 war axe
rCold   . . .      Faith    .   c - +0 buckler
rNeg    . . .      Spirit   .   b - +0 scale mail
rPois   .          Reflect  .   (helmet restricted)
rElec   .          Harm     .   j - +0 cloak
rCorr   +          Rampage  .   (no gloves)
Will    .....                   (no boots)
Stlth   ..........              (no amulet)
HPRegen 0.13/turn               h - ring of resist corrosion
MPRegen 0.08/turn               (no ring)

@: lethally poisoned (-12 -> -13)
A: horns 2, retaliatory headbutt
a: no special abilities


You were on level 2 of the Dungeon.
You visited 1 branch of the dungeon, and saw 2 of its levels.

You collected 111 gold pieces.

Inventory:

Hand Weapons
 a - a +0 war axe (weapon)
Armour
 b - a +0 scale mail (worn)
 c - a +0 buckler (worn)
 j - a +0 cloak (worn)
Jewellery
 h - a ring of resist corrosion (left hand)
Scrolls
 e - 2 scrolls of identify {unknown}
 g - 2 scrolls of teleportation {unknown}
 i - a scroll of vulnerability {unknown}
 l - a scroll of immolation {unknown}
 n - a scroll of fog {unknown}
Potions
 d - a potion of might
 f - a potion of curing {unknown}
 k - a potion of ambrosia {unknown}
 m - a potion of lignification {unknown}


   Skills:
 * Level 4.5 Fighting
 * Level 3.4 Axes
 * Level 4.4 Armour
 + Level 4.1 Shields


You had 3 spell levels left.
You didn't know any spells.
Your spell library was empty.

Dungeon Overview and Level Annotations

Branches:
Dungeon (2/15)

Altars:

Annotations:
D:2 Terence


Innate Abilities, Weirdness & Mutations

You have a pair of horns on your head.
You reflexively headbutt those who attack you in melee.


Message History

Terence seems to grow stronger.
The adder bites you.
You are more poisoned.
The adder poisons you! Terence barely misses you. You furiously retaliate!
You headbutt Terence, but do no damage. You barely miss Terence.
You closely miss the adder.
You feel very sick.
The adder bites you but does no damage. x2; You block Terence's attack.
You closely miss Terence. You headbutt Terence.
Terence is lightly wounded.
You hit the adder.
You feel sick. The adder barely misses you.
Terence hits you with a +0 morningstar! You block the adder's attack.
You hit the adder. Your headbutt misses the adder.
The adder is heavily wounded.
You hit Terence but do no damage.
You feel sick. The adder bites you but does no damage.
You block Terence's attack. Terence hits you with a +0 morningstar.
The adder closely misses you.
You are too injured to fight recklessly!
You are too injured to fight recklessly!
You are too injured to fight recklessly!
You are too injured to fight recklessly!
You are too injured to fight recklessly!
You are too injured to fight recklessly!
You are too injured to fight recklessly!
You are too injured to fight recklessly!
You are too injured to fight recklessly!
You are too injured to fight recklessly!
You are too injured to fight recklessly!
You are too injured to fight recklessly!
Unknown command.
You barely miss Terence.
Terence is lightly wounded.
You barely miss the adder.
You feel sick. The adder bites you but does no damage.
Terence hits you with a +0 morningstar!
* * * LOW HITPOINT WARNING * * *
The adder bites you but does no damage.
Unknown command.
You hit Terence but do no damage.
Terence is lightly wounded.
You hit the adder.
You feel sick. Terence hits you with a +0 morningstar!
You die...

#..........#.....##
#.###########...###
#.# ##.## #.# #.# #.#
#.# #.# ##+# #.# ###
##...## #.##...#
##.....## #.@S.#
##.......#
#.<@....##.........
..........+....>....
###.#...#.##.........
#.##..# # #.......#
#.. ..# ##.....## #..
### ##...## #. ##'##
#.#


You could see Terence (strong) and an adder.

Vanquished Creatures
  An adder (D:2)
  4 gnolls (D:2)
  3 dart slugs
  2 bats (D:1)
  An endoplasm (D:1)
  A giant cockroach (D:1)
  2 hobgoblins (D:1)
  3 jackals (D:2)
  A quokka (D:1)
  3 ball pythons
  2 frilled lizards
  3 goblins
  2 kobolds
28 creatures vanquished.

Notes
Turn   | Place    | Note
-------+----------+-------------------------------------------
     0 | D:1      | EarthwalkerPL the Minotaur Fighter began the quest for the
                  | Orb.
     0 | D:1      | Reached XP level 1. HP: 19/19 MP: 0/0
    49 | D:1      | Reached XP level 2. HP: 23/27 MP: 1/1
   606 | D:2      | Reached XP level 3. HP: 26/33 MP: 2/2
   818 | D:2      | Reached XP level 4. HP: 35/41 MP: 3/3
  1092 | D:2      | Noticed Terence
  1099 | D:2      | Mangled by Terence

Illustrated notes

Levels and vault maps discovered:
D:1:      sevenhm_arrival_forest_fort_small_4, layout_rooms, minmay_hexomino_c4
D:2:      layout_loops_corners, uniq_terence, uniq_sigmund

Skill      XL: |  1  2  3 |
---------------+----------+-----
Fighting       | 4 |  4.5
Armour         | 4 |  4.4
Axes           | 3 |  3.4
Shields        | 4 |  4.1

Action                   |  1- 3 |  4- 6 || total
-------------------------+-------+-------++-------
Melee: War axe           |    46 |    22 ||    68
       Headbutt          |     6 |     2 ||     8
Armor: Scale mail        |    21 |    14 ||    35
Dodge: Dodged            |    20 |     5 ||    25
Block: Buckler           |     8 |    10 ||    18
